 Dungeon Crawl Stone Soup version 0.30-a0-540-g0af01429fa (webtiles) character file.

Game seed: 2656454372011124095

9399 bobo the Thaumaturge (level 11, -9/54 HPs)
             Began as a Deep Elf Fire Elementalist on Dec 25, 2022.
             Was an Elder of Sif Muna.
             Engulfed by a cloud of flame (14 damage)
             ... on level 1 of the Lair of Beasts.
             The game lasted 00:42:23 (12277 turns).

bobo the Thaumaturge (Deep Elf Fire Elementalist)  Turns: 12277, Time: 00:42:24

Health: -9/54      AC:  7    Str:  5    XL:     11   Next: 22%
Magic:  17/38      EV: 10    Int: 38    God:    Sif Muna [****..]
Gold:   536        SH: 12    Dex: 21    Spells: 9/34 levels left

rFire   . . .      SeeInvis .    a - +0 whip (elec)
rCold   . . .      Faith    +    s - +0 kite shield
rNeg    . . .      Spirit   .    F - +1 leather armour of Reason {MP+9 Int+7 Stlth-}
rPois   .          Reflect  .    n - +0 helmet
rElec   .          Harm     .    (no cloak)
rCorr   .          Rampage  .    v - +0 pair of gloves
Will    +....                    i - +0 pair of boots
Stlth   +                        f - amulet of faith
HPRegen 0.29/turn                p - +6 ring of dexterity
MPRegen 0.26/turn                G - +6 ring of intelligence

@: no status effects
A: no striking features
a: Renounce Religion, Channel Magic, Forget Spell, Divine Exegesis


You were on level 1 of the Lair of Beasts.
You worshipped Sif Muna.
Sif Muna was greatly pleased with you.
You visited 3 branches of the dungeon, and saw 13 of its levels.

You collected 536 gold pieces.

Inventory:

Hand Weapons
 a - a +0 whip of electrocution (weapon)
 K - a +2 dagger of holy wrath
Missiles
 g - a throwing net
Armour
 i - a +0 pair of boots (worn)
 n - a +0 helmet (worn)
 s - a +0 kite shield (worn)
 v - a +0 pair of gloves (worn)
 F - the +1 leather armour of Reason (worn) {MP+9 Int+7 Stlth-}
   (You found it on level 8 of the Dungeon)

   Int:       It affects your intelligence (+7).
   MP:        It affects your magic capacity (+9).
   Stlth:     It makes you less stealthy.
Jewellery
 f - an amulet of faith (around neck)
 p - a +6 ring of dexterity (left hand)
 G - a +6 ring of intelligence (right hand)
 M - a ring of willpower
Wands
 l - a wand of flame (24)
 t - a wand of light (12)
 y - a wand of roots (10)
 J - a wand of paralysis (7)
 N - a wand of polymorph (4)
Scrolls
 d - 5 scrolls of teleportation
 q - 5 scrolls of vulnerability
 r - a scroll of butterflies {unknown}
 z - a scroll of blinking
 C - a scroll of magic mapping {unknown}
 D - 2 scrolls of poison
 E - a scroll of fear
 H - a scroll of noise {unknown}
 L - a scroll of enchant weapon {unknown}
Potions
 b - 3 potions of magic
 c - 2 potions of degeneration
 e - 3 potions of heal wounds
 h - 2 potions of brilliance {unknown}
 j - 10 potions of curing
 k - 3 potions of mutation
 m - a potion of flight {unknown}
 u - 2 potions of might {unknown}
 w - 2 potions of haste {unknown}
 x - 3 potions of berserk rage
 A - a potion of ambrosia {unknown}
 B - 2 potions of invisibility {unknown}
 I - a potion of attraction {unknown}


   Skills:
 - Level 2.4 Dodging
 - Level 2.4 Stealth
 + Level 7.0 Shields
 + Level 12.0 Spellcasting
 - Level 5.0 Conjurations
 - Level 4.0 Translocations
 - Level 8.0 Fire Magic
 + Level 5.0 Air Magic
 + Level 7.9 Invocations


You had 9 spell levels left.
You knew the following spells:

 Your Spells              Type           Power      Damage    Failure   Level
a - Scorch                Fire           100%       2d10      1%          2
c - Inner Flame           Hex/Fire       52%        N/A       4%          3
d - Flame Wave            Conj/Fire      64%        2d15      4%          4
f - Swiftness             Air            57%        N/A       2%          3
p - Foxfire               Conj/Fire      100%       2x1d9     1%          1
q - Lightning Bolt        Conj/Air       28%        1d45      26%         5
s - Airstrike             Air            28%        2d(5-21)  9%          4
x - Blink                 Tloc           100%       N/A       1%          2
z - Shock                 Conj/Air       100%       1d9       1%          1

Your spell library contained the following spells:

 Spells                   Type           Power      Damage    Failure   Level
 Static Discharge         Conj/Air       100%       2-7/arc   1%          2
 Kindle Blastsparks       Fire/Tloc/Air  100%       2d18      1%          3
 Vhi's Electric Charge    Tloc/Air       100%       N/A       3%          3
 Necrotise                Necr           88%        1d8       7%          1
 Stone Arrow              Conj/Erth      82%        3d12      8%          3
 Ensorcelled Hibernation  Hex/Ice        44%        N/A       11%         2
 Manifold Assault         Tloc           52%        N/A       14%         4
 Frozen Ramparts          Ice            44%        1d7       22%         3
 Spider Form              Tmut/Pois      22%        N/A       22%         3
 Vampiric Draining        Necr           22%        2d7       22%         3
 Arcjolt                  Conj/Air       28%        1d38      26%         5
 Anguish                  Hex/Necr       11%        N/A       56%         4
 Animate Armour           Summ/Erth      44%        N/A       56%         4
 Ice Form                 Ice/Tmut       22%        N/A       56%         4
 Summon Ice Beast         Ice/Summ       22%        N/A       56%         4
 Agony                    Necr           22%        N/A       89%         5
 Blade Hands              Tmut           11%        N/A       89%         5
 Iron Shot                Conj/Erth      20%        9d5       98%         6
 Storm Form               Tmut/Air       21%        N/A       100%        7
 Lehudib's Crystal Spear  Conj/Erth      20%        10d6      100%        8


Dungeon Overview and Level Annotations

Branches:
Dungeon (11/15)            Temple (1/1) D:4            Lair (1/5) D:9
    Orc (0/2) D:9

Altars:
Ashenzari
Cheibriados
Dithmenos
Elyvilon
Fedhas
Gozag
Hepliaklqana
Kikubaaqudgha
Makhleb
Nemelex Xobeh
Okawaru
Qazlal
Ru
Sif Muna
Trog
Uskayaw
Vehumet
Wu Jian
Xom
Yredelemnul
Zin
The Shining One

Shops:
D:3 [

Annotations:
D:7 3 runed translucent doors, Thepossum's ghost, novice DsFi
Lair:1 exclusion: oklob plant


Message History

The water moccasin is engulfed in blazing flames.
Sif Muna accepts your kill.
The water moccasin explodes!
The fiery explosion engulfs the yak!!
The yak is severely wounded.
The fiery explosion engulfs the yak!!
The yak is heavily wounded.
The fiery explosion engulfs the yak!!
You kill the yak!
Sif Muna accepts your kill.
The yak is engulfed in blazing flames. x2
Your Air Magic skill increases to level 5!
Casting: Shock (safe; 1% risk of failure)
Confirm with . or Enter, or press ? or * to list all spells.
Aiming: Shock (safe; 1% risk of failure)
Press: ? - help, Shift-Dir - straight line, f - yak
Aim: a yak (flame, severely wounded, 84% to hit)
Okay, then.
Casting: Shock (safe; 1% risk of failure)
Confirm with . or Enter, or press ? or * to list all spells.
Aiming: Inner Flame (dangerous; 4% risk of failure)
Press: ? - help, Dir - move target, f - yak
Aim: a yak (flame, almost dead, chance to affect: 94%)
The yak is filled with an inner flame.
The yak is engulfed in blazing flames.
Sif Muna accepts your kill.
The yak explodes!
The fiery explosion engulfs the yak!!!
You kill the yak!
Sif Muna accepts your kill.
Your Spellcasting skill increases to level 12!
Casting: Inner Flame (dangerous; 4% risk of failure)
Confirm with . or Enter, or press ? or * to list all spells.
Flames lash the yak.
Sif Muna accepts your kill.
The yak explodes!
The fiery explosion engulfs you!!
Ouch! That really hurt!
* * * LOW HITPOINT WARNING * * *
You are engulfed in blazing flames.
You die...

#..............<....# .
....!........#.....## ..
#..................##...
.............Y.........
#.......##..##.....##.>
....Y..###.........# .
#......##..#.#.Y..##
...#...##§§§...# .
.......@§§°§..## ...
.......§§§§§.###....#
.......§§§.........#
...#############..## ##
#


You could see a yak.

Vanquished Creatures
  Erica (D:8)
  A two-headed ogre (D:11)
  Pikel (D:8)
  2 trolls
  A shadow (D:9)
  A vampire (D:10)
  2 wraiths (D:10)
  3 wyverns (D:9)
  A water elemental (D:11)
  15 yaks
  A steam dragon (D:8)
  2 water moccasins
  8 orc warriors
  2 sky beasts (D:7)
  2 ogres
  A centaur (D:7)
  A lemure (D:8)
  A kobold brigand (D:8)
  2 bullfrogs
  2 necrophages
  4 gnoll sergeants
  7 scorpions
  5 wights
  6 killer bees (D:8)
  4 hounds
  8 orc priests
  Jessica (D:2)
  Terence (D:3)
  2 iguanas
  9 orc wizards
  Robin (D:2)
  21 gnolls
  4 adders
  A shadow imp (D:6)
  4 white imps
  An ufetubus (D:4)
  4 worms
  3 dart slugs
  37 orcs
  6 bats
  7 endoplasms
  5 giant cockroaches
  16 goblins
  7 hobgoblins
  5 ball pythons
  3 frilled lizards (D:1)
  16 kobolds
  11 rats
249 creatures vanquished.

Vanquished Creatures (collateral kills)
  13 foxfires
13 creatures vanquished.

Vanquished Creatures (others)
  An orc wizard (D:8)
  624 foxfires
  2 fungi (D:9)
  21 plants
648 creatures vanquished.

Grand Total: 910 creatures vanquished

Notes
Turn   | Place    | Note
-------+----------+-------------------------------------------
     0 | D:1      | bobo the Deep Elf Fire Elementalist began the quest for the
                  | Orb.
     0 | D:1      | Reached XP level 1. HP: 10/10 MP: 6/6
   348 | D:1      | Reached XP level 2. HP: 15/15 MP: 5/8
   352 | D:1      | Learned a level 2 spell: Scorch
  1174 | D:2      | Reached XP level 3. HP: 19/19 MP: 5/10
  1322 | D:2      | Noticed Jessica
  1337 | D:2      | Killed Jessica
  1338 | D:2      | Reached skill level 4 in Spellcasting
  1458 | D:2      | Reached XP level 4. HP: 24/24 MP: 6/12
  1464 | D:2      | Learned a level 3 spell: Inner Flame
  1895 | D:2      | Noticed Robin
  1898 | D:2      | Killed Robin
  2025 | D:2      | Learned a level 2 spell: Blink
  2523 | D:3      | Reached XP level 5. HP: 28/28 MP: 8/14
  2608 | D:3      | Reached skill level 5 in Spellcasting
  2672 | D:3      | Found Reojikk's Armour Shoppe.
  2985 | D:3      | Noticed Terence
  3002 | D:3      | Killed Terence
  3116 | D:3      | Noticed a phantom
  3164 | D:3      | Learned a level 4 spell: Flame Wave
  3560 | D:4      | Found a staircase to the Ecumenical Temple.
  3569 | Temple   | Entered the Ecumenical Temple
  3791 | D:4      | Reached skill level 5 in Fire Magic
  3791 | D:4      | Reached XP level 6. HP: 32/32 MP: 10/16
  3927 | Temple   | Became a worshipper of Sif Muna the Loreminder
  4016 | D:4      | Reached skill level 1 in Shields
  4433 | D:5      | Entered Level 5 of the Dungeon
  4599 | D:5      | Found a shadowy altar of Dithmenos.
  4630 | D:5      | Reached * piety under Sif Muna
  4760 | D:5      | Reached skill level 6 in Spellcasting
  4760 | D:5      | Reached XP level 7. HP: 36/36 MP: 12/18
  5049 | D:5      | Found an opulent altar of Gozag.
  5049 | D:5      | Found a basalt altar of Yredelemnul.
  5111 | D:5      | Found an iron altar of Okawaru.
  5717 | D:5      | Reached skill level 5 in Conjurations
  5951 | D:6      | Reached skill level 7 in Spellcasting
  6041 | D:6      | Identified the +0 ring mail "Adooqul" {Contam Harm Int+3}
  6069 | D:6      | Reached XP level 8. HP: 41/41 MP: 15/20
  6261 | D:6      | Reached ** piety under Sif Muna
  6438 | D:6      | Reached skill level 1 in Invocations
  6680 | D:6      | Reached skill level 8 in Spellcasting
  7057 | D:7      | Noticed Thepossum's ghost (novice DsFi)
  7079 | D:7      | Found a runed translucent gate.
  7079 | D:7      | Found a runed translucent gate.
  7079 | D:7      | Found a runed translucent gate.
  8212 | D:8      | Reached XP level 9. HP: 45/45 MP: 17/23
  8242 | D:8      | Identified the +1 leather armour of Reason {MP+9 Int+7
                  | Stlth-}
  8339 | D:8      | Noticed Pikel
  8345 | D:8      | Reached skill level 1 in Translocations
  8346 | D:8      | Killed Pikel
  8347 | D:8      | Reached skill level 9 in Spellcasting
  8570 | D:8      | Reached *** piety under Sif Muna
  8637 | D:8      | Reached skill level 5 in Shields
  9016 | D:8      | Noticed Erica
  9029 | D:8      | Killed Erica
  9030 | D:8      | Reached skill level 5 in Invocations
  9118 | D:8      | Learned a level 1 spell: Shock
  9122 | D:8      | Learned a level 3 spell: Swiftness
  9127 | D:8      | Learned a level 4 spell: Airstrike
  9159 | D:8      | Reached skill level 10 in Spellcasting
  9160 | D:8      | Reached XP level 10. HP: 50/50 MP: 25/26
  9162 | D:8      | Reached skill level 1 in Air Magic
  9382 | D:8      | Learned a level 5 spell: Lightning Bolt
  9508 | D:9      | Identified the +1 hat "Viannor" {+Blink Str+3 Int-2}
  9808 | D:9      | Found a staircase to the Lair.
  9953 | D:9      | Found an ornate altar of the Wu Jian Council.
  9953 | D:9      | Found a radiant altar of Vehumet.
 10147 | D:9      | Reached skill level 11 in Spellcasting
 10166 | D:9      | Reached **** piety under Sif Muna
 10296 | D:9      | Found a staircase to the Orcish Mines.
 10508 | D:10     | Entered Level 10 of the Dungeon
 11230 | D:10     | Reached XP level 11. HP: 28/54 MP: 23/28
 11354 | D:10     | Found a stormy altar of Qazlal.
 11779 | D:11     | Noticed a two-headed ogre
 11790 | D:11     | Killed a two-headed ogre
 12003 | D:11     | Noticed a white ugly thing
 12257 | Lair:1   | Entered Level 1 of the Lair of Beasts
 12257 | Lair:1   | Noticed an oklob plant
 12276 | Lair:1   | Reached skill level 5 in Air Magic
 12277 | Lair:1   | Reached skill level 12 in Spellcasting
 12277 | Lair:1   | Engulfed by a cloud of flame

Illustrated notes

Levels and vault maps discovered:
D:1:      dpeg_arrival_tiny_g, layout_loops_ring, lexackson_kobold_supper
D:2:      layout_loops_ring, uniq_jessica, uniq_robin
D:3:      layout_basic, serial_curves, eino_curves_04, eino_curves_01,
          serial_shops, nicolae_shop_temple_entry_statues_fountains,
          lightli_corner_chamber, uniq_terence
D:4:      minmay_octagon_keep, layout_basic, minmay_temple_entry_waves
D:5:      layout_loops_corners, minitemple, nicolae_dithmenos_the_darkroom
D:6:      layout_rooms
D:7:      layout_basic, gammafunk_ghost_icy
D:8:      layout_basic, amethyst_killhole, uniq_erica, uniq_pikel
D:9:      layout_long_grid, gammafunk_temple_overflow_wave,
          grunt_lair_entry_orc_guard_hut, david_orc_4
D:10:     layout_long_grid, kennysheep_mini_moat
D:11:     layout_roguey, nicolae_trove_entry_crystal, serial_bayou_lake_a
Temple:   nicolae_temple_bog_church
Lair:1:   layout_gridlike, minmay_lair_oklob_bushes,
          chequers_serial_rivers_marsh, uniq_grum

Skill      XL: |  1  2  3  4  5  6  7  8  9 10 11 |
---------------+----------------------------------+-----
Conjurations   | 2 3 4 5 |  5.0
Spellcasting   | 4 5 6 7 8 10 11 12 | 12.0
Fire Magic     | 4 5 6 7 8 |  8.0
Shields        | 1 3 4 5 6 7 |  7.0
Invocations    | 3 5 7 |  7.9
Translocations | 4 |  4.0
Air Magic      | 4 5 |  5.0
Dodging        | |  2.4
Stealth        | |  2.4

Action                   |  1- 3 |  4- 6 |  7- 9 | 10-12 || total
-------------------------+-------+-------+-------+-------++-------
 Cast: Foxfire           |    62 |   107 |   111 |   106 ||   386
       Scorch            |     9 |    30 |    53 |    58 ||   150
       Blink             |       |     1 |       |    16 ||    17
       Inner Flame       |       |       |     5 |    18 ||    23
       Shock             |       |       |     3 |    15 ||    18
       Flame Wave        |       |       |     2 |       ||     2
       Swiftness         |       |       |       |     1 ||     1
Invok: Channel Magic     |       |       |       |     1 ||     1
  Use: Scroll            |     5 |       |       |     5 ||    10
       Potion            |       |       |     2 |       ||     2
Armor: Robe              |       |     2 |     2 |       ||     4
       Leather armour    |       |       |     2 |     8 ||    10
Dodge: Dodged            |     1 |    11 |    10 |     8 ||    30
Block: Kite shield       |       |     2 |     7 |     8 ||    17

Table legend: (Time is in decaauts)
 A = Elapsed time spent in this place.
 B = Non-inter-level travel time spent in this place.
 C = Inter-level travel time spent in this place.
 D = Time resting spent in this place.
 E = Time spent auto-exploring this place.
 F = Levels seen in this place.
 G = Mean time per level.
                   A        B        C        D        E       F      G
               +--------+--------+--------+--------+--------+-----+--------+
         Total |  12306 |  11569 |    737 |    825 |   9012 |  13 |  946.6 |
       Dungeon |  12043 |  11340 |    703 |    825 |   8843 |  11 | 1094.8 |
        Temple |    243 |    209 |     34 |      0 |    169 |   1 |  243.0 |
          Lair |     19 |     19 |      0 |      0 |      0 |   1 |   19.0 |
               +--------+--------+--------+--------+--------+-----+--------+

Top non-repeatable levels by time:
     D:5: 1530 daAuts
     D:8: 1230 daAuts
     D:7: 1221 daAuts
     D:1: 1170 daAuts
     D:2: 1132 daAuts
     D:9: 1124 daAuts
    D:10: 1088 daAuts
     D:3: 993 daAuts
     D:6: 971 daAuts
     D:4: 959 daAuts
    D:11: 620 daAuts
  Temple: 243 daAuts
  Lair:1: 19 daAuts
